 Dungeon Crawl Stone Soup version 0.32-a0-86-g8db1b9f803 (webtiles) character file.

Game seed: 10585657994029827477

1001 lucidstorm14 the Chopper (level 8, -3/68 HPs)
             Began as a Minotaur Berserker on Feb 5, 2024.
             Was an Elder of Trog.
             Slain by Prince Ribbit the wyvern (13 damage)
             ... on level 6 of the Dungeon.
             The game lasted 00:05:20 (4890 turns).

lucidstorm14 the Chopper (Minotaur Berserker)       Turns: 4890, Time: 00:05:21

Health: -3/68      AC: 14    Str: 25    XL:     8   Next: 0%
Magic:  7/7        EV:  9    Int:  4    God:    Trog [****..]
Gold:   392        SH:  0    Dex: 15    Spells: 7/7 levels left

rFire   . . .        a - +0 hand axe
rCold   . . .        (no shield)
rNeg    . . .        r - +0 plate armour
rPois   .            (helmet restricted)
rElec   .            (no cloak)
rCorr   .            o - +0 pair of gloves
SInv    .            (no boots)
Will    .....        (no amulet) Stlth
                     i - +6 ring of dexterity
HPRegen 0.31/turn    (no ring)
MPRegen 0.10/turn

%: no passive effects
@: on berserk cooldown, slowed, very slow
A: horns 2, retaliatory headbutt
a: Renounce Religion, Berserk, Trog's Hand, Brothers in Arms


You were on level 6 of the Dungeon.
You worshipped Trog.
Trog was greatly pleased with you.
You visited 1 branch of the dungeon, and saw 6 of its levels.

You collected 392 gold pieces.

Inventory:

Hand Weapons
 a - a +0 hand axe (weapon)
Armour
 o - a +0 pair of gloves (worn)
 r - a +0 plate armour (worn)
Jewellery
 i - a +6 ring of dexterity (left hand)
Wands
 p - a wand of polymorph (9)
 q - a wand of paralysis (6)
Scrolls
 b - a scroll of immolation {unknown}
 c - 2 scrolls of identify {unknown}
 d - 3 scrolls of teleportation {unknown}
 k - a scroll of blinking {unknown}
 l - a scroll of brand weapon {unknown}
 n - a scroll of noise {unknown}
Potions
 e - 4 potions of attraction {unknown}
 f - a potion of berserk rage {unknown}
 g - 3 potions of haste {unknown}
 h - 2 potions of cancellation {unknown}
 j - a potion of degeneration {unknown}
 m - a potion of magic {unknown}


   Skills:
 - Level 5.0 Fighting
 + Level 7.2 Axes
 + Level 6.4 Armour
 + Level 5.8 Dodging


You had 7 spell levels left.
You didn't know any spells.
Your spell library was empty.

Dungeon Overview and Level Annotations

Branches:
Dungeon (6/15)             Temple (0/1) D:5

Altars:
Cheibriados
Fedhas
Qazlal
Zin

Annotations:
D:6 Prince Ribbit


Innate Abilities, Weirdness & Mutations

You have a pair of horns on your head.
You reflexively headbutt those who attack you in melee.


Message History

An iguana comes into view.
Prince Ribbit attacks as he pursues you!
Prince Ribbit hits you but does no damage.
The iguana closely misses you.
Prince Ribbit winks and puckers his lips.
Prince Ribbit blinks!
You hit the iguana but do no damage. You closely miss Prince Ribbit.
Prince Ribbit hits you but does no damage.
The iguana bites you but does no damage.
Prince Ribbit hits you!
The iguana bites you but does no damage.
You hit the iguana. You headbutt the iguana. Your punch misses the iguana.
The iguana is moderately wounded.
You hit Prince Ribbit. Prince Ribbit hits you! The iguana barely misses you.
Prince Ribbit barely misses you.
You slash the iguana! Your headbutt misses the iguana.
The iguana is severely wounded.
You closely miss Prince Ribbit. Prince Ribbit closely misses you.
The iguana bites you.
Prince Ribbit hits you but does no damage.
You barely miss the iguana.
The iguana is severely wounded.
You hit Prince Ribbit. Prince Ribbit hits you! The iguana closely misses you.
You furiously retaliate!
You headbutt the iguana, but do no damage.
Prince Ribbit misses you. The iguana bites you!
You barely miss Prince Ribbit.
Prince Ribbit is moderately wounded.
You hit the iguana. Prince Ribbit hits you!
* * * LOW HITPOINT WARNING * * *
The iguana bites you.
* * * LOW HITPOINT WARNING * * *
Prince Ribbit misses you.
Aiming: Polymorph
Press: ? - help, Shift-Dir - straight line, f - Prince Ribbit
Aim: Prince Ribbit (lightly wounded, will become a golden eye, a swamp drake, or a wyvern, chance to affect: 31%) Prince Ribbit evaporates and reforms as a wyvern!
Prince Ribbit bites you but does no damage.
The iguana barely misses you. Prince Ribbit bites you!
You die...

################ ###########
#......<.......# #.........#
#..............# #.........#
#..............#
#.........###########.#....##
##.......)....# #.#.####
#........).##.# #......##
...#..).######@########........
#..))# #kl.#....#......##
#..).# ###.#.##.#......# ##..F#
####.#....#.....##
#.).#####....#..#.......#
#.##.))).........###.#######
#....................#
####.............#####
#.............#


You could see Prince Ribbit the wyvern and an iguana.

Vanquished Creatures
  Sigmund (D:4)
  Edmund (D:5)
  A kobold brigand (D:6)
  Blork the orc (D:6)
  3 bombardier beetles
  A howler monkey (D:6)
  2 jellies (D:5)
  A hound (D:3)
  4 iguanas
  An orc wizard (D:6)
  3 gnolls (D:6)
  10 adders
  A white imp (D:4)
  2 dart slugs (D:1)
  2 ribbon worms
  15 orcs
  6 ball pythons
  7 endoplasms
  4 giant cockroaches
  4 goblins
  12 hobgoblins
  4 jackals (D:5)
  11 kobolds
  5 quokkas
  3 bats
  4 frilled lizards
  13 rats
122 creatures vanquished.

Notes
Turn   | Place    | Note
-------+----------+-------------------------------------------
     0 | D:1      | lucidstorm14 the Minotaur Berserker began the quest for the
                  | Orb.
     0 | D:1      | Reached XP level 1. HP: 19/19 MP: 0/0
   105 | D:1      | You fall into a shaft and drop 1 floor!
   113 | D:2      | Reached XP level 2. HP: 27/27 MP: 1/1
   324 | D:1      | Reached skill level 4 in Axes
   345 | D:1      | Reached ** piety under Trog
   413 | D:1      | Reached XP level 3. HP: 33/33 MP: 2/2
  1415 | D:2      | Reached XP level 4. HP: 39/41 MP: 3/3
  1682 | D:3      | Found a blossoming altar of Fedhas.
  1716 | D:3      | Reached *** piety under Trog
  2437 | D:4      | Reached XP level 5. HP: 33/47 MP: 4/4
  2531 | D:4      | Reached skill level 5 in Axes
  2539 | D:4      | Reached skill level 5 in Fighting
  2766 | D:4      | Found a stormy altar of Qazlal.
  2774 | D:4      | Reached XP level 6. HP: 35/56 MP: 5/5
  3029 | D:4      | Noticed Sigmund
  3036 | D:4      | Killed Sigmund
  3037 | D:4      | Reached skill level 5 in Armour
  3122 | D:4      | Found a snail-covered altar of Cheibriados.
  3127 | D:4      | Found a glowing silver altar of Zin.
  3348 | D:5      | Entered Level 5 of the Dungeon
  3460 | D:5      | Found a staircase to the Ecumenical Temple.
  3493 | D:5      | Reached skill level 6 in Axes
  3494 | D:5      | Reached XP level 7. HP: 52/61 MP: 6/6
  3569 | D:5      | Noticed Edmund
  3584 | D:5      | Killed Edmund
  3585 | D:5      | Reached skill level 5 in Dodging
  4729 | D:6      | Reached **** piety under Trog
  4734 | D:6      | Noticed Blork the orc
  4735 | D:6      | Reached skill level 7 in Axes
  4748 | D:6      | Killed Blork the orc
  4749 | D:6      | Reached XP level 8. HP: 46/68 MP: 7/7
  4856 | D:6      | Noticed Prince Ribbit
  4890 | D:6      | Prince Ribbit changed into Prince Ribbit the wyvern
  4890 | D:6      | Noticed Prince Ribbit
  4890 | D:6      | Slain by Prince Ribbit the wyvern

Illustrated notes

Levels and vault maps discovered:
D:1:      ncdulo_smallfort, layout_loops_ring
D:2:      layout_loops_ring, serial_glass, glass_columns_b, glass_columns_b,
          glass_columns_c, glass_columns_b, glass_columns_b, glass_columns_b,
          glass_columns_a, glass_columns_b, minmay_rat_gold_closets
D:3:      layout_basic, fedhas_altar_3
D:4:      layout_loops_cross, amcnicky_altar_gilded,
          mainiacjoe_overflow_big_doors, uniq_sigmund
D:5:      layout_basic, minmay_temple_entry_trees,
          eino_small_chamber_without_monster, uniq_edmund
D:6:      layout_basic, minivault_24, blue_anna_alchemist, uniq_duvessa,
          uniq_blork_the_orc, uniq_prince_ribbit1

Skill      XL: |  1  2  3  4  5  6  7 |
---------------+----------------------+-----
Axes           | 4 5 6 7 |  7.2
Fighting       | 4 5 |  5.0
Armour         | 3 4 5 6 |  6.4
Dodging        | 3 4 5 |  5.8

Action                     |  1- 3 |  4- 6 |  7- 9 || total
---------------------------+-------+-------+-------++-------
  Melee: Hand axe          |   101 |    94 |    79 ||   274
         Headbutt          |    14 |    20 |    17 ||    51
         Punch             |     2 |     4 |     5 ||    11
 Invoke: Berserk           |       |     1 |     3 ||     4
  Evoke: Wand              |       |       |     1 ||     1
   Stab: Sleeping          |     3 |       |       ||     3
 Armour: Animal skin       |    44 |       |       ||    44
         Ring mail         |       |    18 |       ||    18
         Scale mail        |       |    31 |    15 ||    46
         Plate armour      |       |       |    52 ||    52
  Dodge: Dodged            |    60 |    58 |    51 ||   169

Table legend: (Time is in decaauts)
 A = Elapsed time spent in this place.
 B = Non-inter-level travel time spent in this place.
 C = Inter-level travel time spent in this place.
 D = Time resting spent in this place.
 E = Time spent auto-exploring this place.
 F = Levels seen in this place.
 G = Mean time per level.
                   A        B        C        D        E       F      G
               +--------+--------+--------+--------+--------+-----+--------+
         Total |   4935 |   4671 |    264 |    435 |   3505 |   6 |  822.5 |
       Dungeon |   4935 |   4671 |    264 |    435 |   3505 |   6 |  822.5 |
               +--------+--------+--------+--------+--------+-----+--------+

Top non-repeatable levels by time:
     D:5: 1293 daAuts
     D:3: 947 daAuts
     D:4: 931 daAuts
     D:2: 823 daAuts
     D:1: 668 daAuts
     D:6: 271 daAuts
